[Event "Olimpiade 2024 - Donne"]
[Site "Budapest"]
[Date "22.09.2024"]
[Round "11.21"]
[White "Ortiz Verdezoto, Anahi"]
[Black "Rogule, Laura"]
[Result "0-1"]
[WhiteElo "2229"]
[BlackElo "2248"]
[ECO "D35"]
[Opening "QGD"]
[Variation "exchange, positional line"]
[TimeControl "40/5400+30:1800"]
[EventDate "2024.09.11"]
[Board "1"]
[WhiteFideId "3614581"]
[BlackFideId "11601876"]
[WhiteTeam "Ecuador"]
[BlackTeam "Latvia"]

1. d4 d5 2. c4 e6 3. Nc3 Nf6 4. cxd5 exd5 5. Bg5 Be7 6. e3 c6 7. Bd3 Nbd7
8. Qc2 Nh5 9. Bxe7 Qxe7 10. Nge2 Nb6 11. O-O g6 12. Rae1 O-O 13. Ng3 Nxg3
14. hxg3 Be6 15. Rc1 Nc8 16. Ne2 Nd6 17. Qd2 Bf5 18. Bxf5 Nxf5 19. Nf4 h5
20. Rfe1 a5 21. Qc2 Qf6 22. Nd3 Rfe8 23. Rb1 Re7 24. b4 Nd6 25. Ne5 Nb5 26.
Qd2 a4 27. Qd3 Kg7 28. Rec1 Rh8 29. Nf3 Nd6 30. Qd1 Ra8 31. Qe2 Nc4 32.
Rxc4 dxc4 33. Qxc4 Qf5 34. Rc1 a3 35. Qb3 Rd7 36. Ne5 Rd5 37. Rc5 Qe6 38.
Rc3 Qe7 39. Nd3 h4 40. g4 Qg5 41. Qd1 Rb5 42. Rb3 Qd5 43. Qc1 g5 44. Nc5
Kg6 45. Rxa3 Rh8 46. Nd3 f6 47. Qc2 Kg7 48. Rc3 Qe4 49. Qd2 Qxg4 50. f3 Qg3
51. Qf2 Qxf2+ 52. Kxf2 Ra8 53. a3 Rd5 54. Nc5 Ra7 55. Ke2 Kf7 56. Kd3 Rd8
57. Kc2 Rg8 58. e4 g4 59. e5 g3 60. Kd2 h3 61. a4 hxg2 62. Rc1 Rh8 63. Rg1
Rh1 0-1

[Event "Olimpiade 2024 - Donne"]
[Site "Budapest"]
[Date "22.09.2024"]
[Round "11.21"]
[White "Berzina, Ilze"]
[Black "Wagenschuetz, Evelyn"]
[Result "1-0"]
[WhiteElo "2200"]
[BlackElo "2036"]
[ECO "B51"]
[Opening "Sicilian"]
[Variation "Canal-Sokolsky (Nimzovich-Rossolimo, Moscow) attack"]
[TimeControl "40/5400+30:1800"]
[EventDate "2024.09.11"]
[Board "2"]
[WhiteFideId "11601345"]
[BlackFideId "3600424"]
[WhiteTeam "Latvia"]
[BlackTeam "Ecuador"]

1. e4 c5 2. Nf3 d6 3. Bb5+ Nd7 4. d4 cxd4 5. Qxd4 e5 6. Qd3 h6 7. Nc3 Nf6
8. O-O Be7 9. Nd2 O-O 10. Bxd7 Qxd7 11. Nc4 b5 12. Ne3 b4 13. Ncd5 Nxd5 14.
Nxd5 Rb8 15. a3 bxa3 16. Rxa3 Bd8 17. Ne3 Bb6 18. Nf5 Kh7 19. Qg3 Rg8 20.
Qh4 Qd8 21. Qh5 Bxf5 22. Qxf5+ Kh8 23. Rh3 Rb7 24. Bg5 Qc8 25. Rxh6+ gxh6
26. Bf6+ Rg7 27. Qxc8+ 1-0

[Event "Olimpiade 2024 - Donne"]
[Site "Budapest"]
[Date "22.09.2024"]
[Round "11.21"]
[White "Vasquez Ramirez, Rocio"]
[Black "Ter-Avetisjana, Agnesa Stepania"]
[Result "0-1"]
[WhiteElo "1981"]
[BlackElo "2134"]
[ECO "B13"]
[Opening "Caro-Kann"]
[Variation "Panov-Botvinnik attack"]
[TimeControl "40/5400+30:1800"]
[EventDate "2024.09.11"]
[Board "3"]
[WhiteFideId "3600750"]
[BlackFideId "11614900"]
[WhiteTeam "Ecuador"]
[BlackTeam "Latvia"]

1. e4 c6 2. c4 d5 3. exd5 cxd5 4. d4 Nf6 5. Nc3 Nc6 6. Nf3 Bg4 7. Be3 e6 8.
c5 Bxf3 9. Qxf3 Be7 10. Bb5 O-O 11. O-O Nd7 12. Qe2 Qc7 13. Rad1 a6 14.
Bxc6 Qxc6 15. b4 b6 16. Bf4 Bf6 17. Bd6 Rfe8 18. Qf3 bxc5 19. bxc5 Nb6 20.
Bf4 Nc4 21. Qg3 g6 22. h4 Ra7 23. Rfe1 Rb7 24. Re2 a5 25. h5 a4 26. hxg6
hxg6 27. Qf3 Ra8 28. Rc2 Rc8 29. Qe2 Bg7 30. g3 a3 31. Kg2 Rb2 32. Nb1 Qa4
33. Rxb2 axb2 34. Nc3 Qa5 35. Qd3 Qb4 36. Nb1 Ra8 37. c6 Rxa2 38. c7 Ra8
39. Qc3 Qxc3 40. Nxc3 Kf8 41. Nb5 Ke7 42. Na7 Kd7 0-1

[Event "Olimpiade 2024 - Donne"]
[Site "Budapest"]
[Date "22.09.2024"]
[Round "11.21"]
[White "Krumina, Linda"]
[Black "Guerrero Caicedo, Arlette"]
[Result "0-1"]
[WhiteElo "2091"]
[BlackElo "1868"]
[ECO "A49"]
[Opening "King's Indian"]
[Variation "fianchetto without c4"]
[TimeControl "40/5400+30:1800"]
[EventDate "2024.09.11"]
[Board "4"]
[WhiteFideId "11601701"]
[BlackFideId "3633667"]
[WhiteTeam "Latvia"]
[BlackTeam "Ecuador"]

1. d4 Nf6 2. Nf3 g6 3. g3 Bg7 4. Bg2 d5 5. a4 O-O 6. a5 c5 7. dxc5 Na6 8.
O-O Nxc5 9. Nc3 e6 10. Be3 Qe7 11. Bd4 Rd8 12. Ra3 Nce4 13. Qa1 Bd7 14. Rd1
Nxc3 15. Bxc3 Bb5 16. Re1 Rac8 17. Be5 Ba6 18. Nd4 Bf8 19. Qd1 Nd7 20. Nf3
Nxe5 21. Nxe5 Qc7 22. Ng4 Bxa3 23. bxa3 Qxc2 24. Qd4 Qc3 25. Nf6+ Kh8 26.
Qxc3 Rc7 27. Qc5 Rxc5 28. e3 Rc3 0-1

[Event "Olimpiade 2024 - Donne"]
[Site "Budapest"]
[Date "22.09.2024"]
[Round "11.22"]
[White "Maksimovic, Masa"]
[Black "Narva, Mai"]
[Result "0-1"]
[WhiteElo "2093"]
[BlackElo "2420"]
[ECO "C71"]
[Opening "Ruy Lopez"]
[Variation "modern Steinitz defence, Duras (Keres) variation"]
[TimeControl "40/5400+30:1800"]
[EventDate "2024.09.11"]
[Board "1"]
[WhiteFideId "14408902"]
[BlackFideId "4500512"]
[WhiteTeam "Bosnia & Herzegovina"]
[BlackTeam "Estonia"]

1. e4 e5 2. Nf3 Nc6 3. Bb5 a6 4. Ba4 d6 5. c4 Nf6 6. Nc3 Bg4 7. h3 Bxf3 8.
Qxf3 Be7 9. Ne2 Nd7 10. d3 O-O 11. Be3 Bg5 12. O-O Rb8 13. Rfc1 Nc5 14.
Bxc6 bxc6 15. Rab1 Ne6 16. b4 Qd7 17. Bxg5 Nxg5 18. Qe3 h6 19. Ng3 Rb7 20.
d4 exd4 21. Qxd4 Rfb8 22. Nf5 f6 23. h4 Ne6 24. Qd2 c5 25. a3 Kh7 26. Rb3
Qf7 27. g3 cxb4 28. Rxb4 Nc5 29. Rxb7 Rxb7 30. Qd5 Qe8 31. Re1 Rb3 32. Re3
Rxe3 33. Nxe3 Nxe4 34. Kg2 Nc5 35. Qf5+ Kg8 36. Kf3 a5 37. h5 a4 38. Nd5 c6
39. Nf4 Nb3 40. Qd3 Qe5 41. Kg2 Nc5 42. Qd2 Kh7 43. f3 f5 44. Ng6 Nb3 45.
Qd3 Qf6 46. Qe2 Qf7 47. Qd3 d5 48. cxd5 Qxd5 49. Qxd5 cxd5 50. Ne7 d4 51.
Nxf5 g6 52. hxg6+ Kxg6 53. g4 d3 54. Kf2 h5 55. Kg3 Nd4 56. Ne3 h4+ 57.
Kxh4 Nc2 58. Nc4 Kg7 59. Kg3 Nxa3 60. Nb2 d2 61. Kf2 Nb1 62. Ke2 a3 0-1

[Event "Olimpiade 2024 - Donne"]
[Site "Budapest"]
[Date "22.09.2024"]
[Round "11.22"]
[White "Olde, Margareth"]
[Black "Babic, Milana"]
[Result "0-1"]
[WhiteElo "2135"]
[BlackElo "2080"]
[ECO "A47"]
[Opening "Queen's Indian defence"]
[TimeControl "40/5400+30:1800"]
[EventDate "2024.09.11"]
[Board "2"]
[WhiteFideId "4503082"]
[BlackFideId "14414945"]
[WhiteTeam "Estonia"]
[BlackTeam "Bosnia & Herzegovina"]

1. d4 Nf6 2. Nf3 b6 3. c4 Bb7 4. g3 g6 5. Bg2 Bg7 6. O-O O-O 7. Nc3 Ne4 8.
Bd2 c5 9. e3 d6 10. Be1 Nd7 11. Qd3 Nxc3 12. Bxc3 cxd4 13. exd4 Rc8 14.
Rfe1 d5 15. cxd5 Bxd5 16. h4 Nf6 17. Qe3 Re8 18. Bh3 Rc7 19. Ne5 Bb7 20.
Rac1 e6 21. Kh2 Qd5 22. a3 h5 23. Rg1 Qb5 24. Bf1 Qxe5 25. dxe5 Ng4+ 26.
Kh3 Nxe3 27. fxe3 Bxe5 28. Bg2 Bxg2+ 29. Rxg2 Rec8 30. Rgc2 b5 31. Rb1 Bxc3
32. bxc3 Rxc3 33. Rxc3 Rxc3 34. Rxb5 Rxa3 35. e4 Ra2 36. e5 a5 37. Rb8+ Kg7
38. Ra8 a4 39. Ra7 a3 40. Ra8 Ra1 41. Kg2 a2 42. Kh2 g5 43. hxg5 Kg6 44.
Kg2 Kxg5 45. Ra4 Kf5 46. Ra5 Ke4 47. Kh2 Kd4 48. Kg2 Ke4 49. Kh2 Kf5 50.
Kg2 Kg5 51. Kh2 h4 52. gxh4+ Kxh4 53. Kg2 Kg4 54. Ra7 Kg5 55. Kh2 Kg6 56.
Kg2 Re1 57. Rxa2 Rxe5 58. Kf3 f5 59. Ra8 Rb5 60. Rf8 Kg7 61. Rc8 Kf6 62.
Rc3 e5 63. Kg3 Kg5 64. Kf3 Rb4 65. Ra3 e4+ 66. Kg3 f4+ 67. Kh3 Rb5 68. Rc3
e3 69. Ra3 Kf5 70. Kh4 e2 71. Ra1 Re5 72. Re1 Re3 0-1

[Event "Olimpiade 2024 - Donne"]
[Site "Budapest"]
[Date "22.09.2024"]
[Round "11.22"]
[White "Jacimovic, Sara"]
[Black "Blokhin, Sofia"]
[Result "0-1"]
[WhiteElo "1981"]
[BlackElo "2036"]
[ECO "B24"]
[Opening "Sicilian"]
[Variation "closed, Smyslov variation"]
[TimeControl "40/5400+30:1800"]
[EventDate "2024.09.11"]
[Board "3"]
[WhiteFideId "14403668"]
[BlackFideId "4508190"]
[WhiteTeam "Bosnia & Herzegovina"]
[BlackTeam "Estonia"]

1. e4 c5 2. Nc3 e6 3. g3 Nc6 4. Bg2 g6 5. d3 Bg7 6. Be3 Nd4 7. Nce2 Ne7 8.
c3 Nxe2 9. Nxe2 b6 10. Qd2 Bb7 11. Bh6 O-O 12. h4 Bxh6 13. Qxh6 f6 14. Qd2
e5 15. f4 exf4 16. Nxf4 Qe8 17. O-O-O Qf7 18. Kb1 d5 19. Qc2 Rad8 20. Rdf1
dxe4 21. dxe4 Nc6 22. h5 Ne5 23. hxg6 hxg6 24. Rh6 Kg7 25. Rh4 Rh8 26. Bh3
Rde8 27. Ne6+ Rxe6 28. Bxe6 Qxe6 29. Rhf4 Nc4 30. Qd3 Bxe4 31. Rxe4 Qxe4
0-1

[Event "Olimpiade 2024 - Donne"]
[Site "Budapest"]
[Date "22.09.2024"]
[Round "11.22"]
[White "Olde, Grete"]
[Black "Mimic, Sofija"]
[Result "1/2-1/2"]
[WhiteElo "1952"]
[BlackElo "1809"]
[ECO "B53"]
[Opening "Sicilian, Chekhover variation"]
[TimeControl "40/5400+30:1800"]
[EventDate "2024.09.11"]
[Board "4"]
[WhiteFideId "4503104"]
[BlackFideId "14425920"]
[WhiteTeam "Estonia"]
[BlackTeam "Bosnia & Herzegovina"]

1. e4 c5 2. Nf3 d6 3. d4 cxd4 4. Qxd4 Nc6 5. Qd3 e6 6. c4 Be7 7. Nc3 Nf6 8.
Be2 O-O 9. O-O Qc7 10. h3 Rd8 11. Be3 Ne5 12. Nb5 Qb8 13. Qc2 Bd7 14. Nfd4
a6 15. Nc3 Qc7 16. b3 Rac8 17. Rac1 Nc6 18. f4 Nxd4 19. Bxd4 Bc6 20. Bd3 h6
21. Qf2 Nd7 22. b4 b6 23. b5 Bb7 24. Qg3 Bf6 25. Bxf6 Nxf6 26. Rcd1 axb5
27. Nxb5 Qc5+ 28. Kh2 Bxe4 29. Be2 d5 30. cxd5 Nxd5 31. Rc1 Qb4 32. Rxc8
Rxc8 33. f5 Bxf5 34. Nd6 Rc3 35. Bf3 Bg6 36. Qe5 Re3 37. Qg3 Nf6 38. Rd1
Kh7 39. Qf2 Rd3 40. Rxd3 Bxd3 41. Nxf7 Bg6 42. Ne5 Qf4+ 43. Qg3 Qxg3+ 44.
Kxg3 Bb1 45. a3 Ba2 46. Kf4 Nd5+ 47. Ke4 Kg8 48. Kd4 Kf8 49. Nd3 Nc7 50.
Nb4 Bb1 51. a4 Ke7 52. Ke5 Bg6 53. a5 bxa5 54. Nc6+ Kd7 55. Nxa5 Na6 56.
Nc4 Nc5 57. Kd4 Nd3 58. Ne5+ Nxe5 59. Kxe5 Bf5 60. Bd1 Ke7 61. Bb3 h5 62.
Bd1 Bg6 63. h4 Be8 64. g3 1/2-1/2

[Event "Olimpiade 2024 - Donne"]
[Site "Budapest"]
[Date "22.09.2024"]
[Round "11.23"]
[White "Cvitan, Ena"]
[Black "Shohradova, Lala"]
[Result "0-1"]
[WhiteElo "2259"]
[BlackElo "2030"]
[ECO "D35"]
[Opening "QGD"]
[Variation "exchange, positional line"]
[TimeControl "40/5400+30:1800"]
[EventDate "2024.09.11"]
[Board "1"]
[WhiteFideId "14534215"]
[BlackFideId "14004089"]
[WhiteTeam "Croatia"]
[BlackTeam "Turkmenistan"]

1. d4 d5 2. c4 e6 3. Nc3 Nf6 4. cxd5 exd5 5. Bg5 Be7 6. e3 Nbd7 7. Bd3 c6
8. Nf3 O-O 9. Qc2 Re8 10. O-O Nf8 11. Rae1 Ng6 12. Ne5 Ng4 13. Bxe7 Qxe7
14. f4 N4xe5 15. fxe5 Be6 16. Rf3 c5 17. Qf2 a6 18. Ne2 c4 19. Bb1 b5 20.
Nf4 Nxf4 21. Rxf4 a5 22. Rf1 b4 23. Rf6 gxf6 24. Bxh7+ Kf8 25. exf6 Qd6 26.
Qh4 Red8 27. e4 Ke8 28. exd5 Qxd5 29. Be4 Qxd4+ 30. Kh1 Ra6 31. h3 Rad6 32.
Rf4 Qe5 33. Bg6 Rd1+ 34. Kh2 R8d4 35. Bxf7+ Bxf7 0-1

[Event "Olimpiade 2024 - Donne"]
[Site "Budapest"]
[Date "22.09.2024"]
[Round "11.23"]
[White "Agajanova, Meryem"]
[Black "Berke, Ana"]
[Result "1/2-1/2"]
[WhiteElo "2007"]
[BlackElo "2093"]
[ECO "E71"]
[Opening "King's Indian"]
[Variation "Makagonov system (5.h3)"]
[TimeControl "40/5400+30:1800"]
[EventDate "2024.09.11"]
[Board "2"]
[WhiteFideId "14005930"]
[BlackFideId "14510359"]
[WhiteTeam "Turkmenistan"]
[BlackTeam "Croatia"]

1. d4 Nf6 2. c4 g6 3. Nc3 Bg7 4. e4 d6 5. h3 e5 6. dxe5 dxe5 7. Qxd8+ Kxd8
8. Bg5 h6 9. O-O-O+ Ke8 10. Be3 c6 11. Nf3 Nfd7 12. Be2 Nf8 13. Nd2 Ne6 14.
c5 Nd4 15. Nc4 Nd7 16. b4 b6 17. Bg4 bxc5 18. bxc5 Nxc5 19. Nd6+ Ke7 20.
Nxc8+ Raxc8 21. Bxc8 Rxc8 22. Rhe1 Rb8 23. Rd2 Rb4 24. f3 a5 25. Ne2 a4 26.
f4 Rc4+ 27. Kd1 Nxe4 28. Nxd4 Nxd2 29. fxe5 Ne4 30. Ke2 Rc3 31. Rb1 Bxe5
32. Rb7+ Kf6 33. Rb6 Ng3+ 34. Kf2 Nf5 35. Rxc6+ Rxc6 36. Nxc6 Nxe3 37. Kxe3
h5 38. Nb4 Ke6 39. g4 hxg4 40. hxg4 f5 41. gxf5+ Kxf5 42. Nd3 a3 43. Nf2
Bd6 44. Ne4 Be7 45. Kd4 g5 46. Nxg5 Bxg5 47. Kc3 Ke4 48. Kb3 Be7 49. Kc2
Kd4 50. Kd2 Ke4 51. Kc2 Ke3 52. Kc3 Ke2 53. Kc2 Bd6 54. Kc1 Be5 55. Kc2 Bb2
56. Kb1 Be5 57. Kc2 Ke3 58. Kb3 Bd6 59. Kc3 Be7 60. Kc2 Kd4 61. Kd2 Kc4 62.
Kc2 Bf6 63. Kc1 Kd3 64. Kb1 Kc3 65. Kc1 Bg5+ 66. Kb1 Be3 67. Ka1 Bd4 68.
Kb1 Be5 69. Kc1 Kd3 70. Kb1 Kc3 71. Kc1 Kd3 72. Kb1 Kc3 73. Kc1 Bf4+ 74.
Kb1 Kd2 75. Ka1 Kc2 1/2-1/2

[Event "Olimpiade 2024 - Donne"]
[Site "Budapest"]
[Date "22.09.2024"]
[Round "11.23"]
[White "Ivekovic, Tihana"]
[Black "Shohradova, Leyla"]
[Result "1-0"]
[WhiteElo "2143"]
[BlackElo "1873"]
[ECO "D33"]
[Opening "QGD"]
[Variation "Tarrasch, Prague variation"]
[TimeControl "40/5400+30:1800"]
[EventDate "2024.09.11"]
[Board "3"]
[WhiteFideId "14517825"]
[BlackFideId "14004259"]
[WhiteTeam "Croatia"]
[BlackTeam "Turkmenistan"]

1. d4 d5 2. c4 e6 3. Nf3 Nf6 4. g3 c5 5. cxd5 exd5 6. Nc3 Nc6 7. Bg2 cxd4
8. Nxd4 Bc5 9. Nxc6 bxc6 10. O-O O-O 11. Qc2 Be7 12. Na4 Qa5 13. Be3 g6 14.
b3 Bd7 15. Bc5 Rfe8 16. Rfc1 Qb5 17. e3 Bxc5 18. Nxc5 Bf5 19. Qc3 Ng4 20.
h3 Ne5 21. g4 Bc8 22. e4 d4 23. Qxd4 Ba6 24. Qe3 Qe2 25. Qxe2 Bxe2 26. f4
Nd3 27. Nxd3 Bxd3 28. e5 Red8 29. Bxc6 Rab8 30. Kf2 Bb5 31. Bxb5 Rxb5 32.
Rd1 Re8 33. h4 Rb4 34. Kf3 f6 35. Rd5 g5 36. hxg5 fxg5 37. f5 Rf4+ 38. Kg3
h5 39. gxh5 Rxf5 40. Re1 Kg7 41. Rd7+ Kh6 42. Rd6+ Kh7 43. e6 Kg8 44. Re2
Rf1 45. Kg4 Rg1+ 46. Kf5 g4 47. Kg6 g3 48. e7 Rc1 49. h6 Rcc8 50. h7+ Kh8
51. Kf7 a5 52. Rg6 g2 53. Rgxg2 1-0

[Event "Olimpiade 2024 - Donne"]
[Site "Budapest"]
[Date "22.09.2024"]
[Round "11.23"]
[White "Rejepova, Jahan"]
[Black "Vujnovic, Patricija"]
[Result "1-0"]
[WhiteElo "1915"]
[BlackElo "2134"]
[ECO "D60"]
[Opening "QGD"]
[Variation "Orthodox defence"]
[TimeControl "40/5400+30:1800"]
[EventDate "2024.09.11"]
[Board "4"]
[WhiteFideId "14006480"]
[BlackFideId "14502313"]
[WhiteTeam "Turkmenistan"]
[BlackTeam "Croatia"]

1. d4 d5 2. c4 e6 3. Nc3 Nf6 4. Bg5 Be7 5. e3 O-O 6. Nf3 Nbd7 7. cxd5 exd5
8. Bd3 c6 9. O-O Re8 10. Qc2 h6 11. Bf4 Nf8 12. Rab1 Nh5 13. Bg3 Nxg3 14.
hxg3 a5 15. a3 Bd6 16. Bf5 Bxf5 17. Qxf5 a4 18. Qc2 Qa5 19. Ne2 Nd7 20.
Rfc1 Nf6 21. b4 axb3 22. Rxb3 Qc7 23. Rcb1 Ra7 24. a4 Re7 25. Rb6 Ne4 26.
Nc1 Qc8 27. Nd3 Qf5 28. R6b2 f6 29. Nc5 Bxc5 30. dxc5 Qc8 31. Nd4 Ra5 32.
Qb3 Nxc5 33. Qc3 Qc7 34. Rb6 Rb5 35. R6xb5 Ne4 36. Qb3 cxb5 37. Qxd5+ Kh8
38. Nxb5 Qc2 39. Rf1 Re5 40. Qd1 Qa2 41. Qd4 Qc2 42. Na3 Qe2 43. Nc4 Rc5
44. Qxe4 Qxc4 45. Qe8+ Kh7 46. Rd1 Qc2 47. Qd7 Rc4 48. Rd4 Qb1+ 49. Kh2 Rc5
50. Qe8 Qc2 51. Rg4 Qf5 52. Rf4 Qh5+ 53. Qxh5 Rxh5+ 54. Rh4 Rc5 55. Rb4 Rc7
56. Kh3 Rc2 57. f3 Ra2 58. g4 Kg6 59. Kg3 h5 60. gxh5+ Kxh5 61. Rxb7 g5 62.
Ra7 f5 63. a5 Ra3 64. a6 Rxe3 65. Ra8 Ra3 66. a7 f4+ 67. Kh2 1-0

[Event "Olimpiade 2024 - Donne"]
[Site "Budapest"]
[Date "22.09.2024"]
[Round "11.24"]
[White "Zherebtsova, Alexandra"]
[Black "Perez Rodriguez, Jennifer"]
[Result "1-0"]
[WhiteElo "2239"]
[BlackElo "2224"]
[ECO "D35"]
[Opening "QGD"]
[Variation "exchange, positional line"]
[TimeControl "40/5400+30:1800"]
[EventDate "2024.09.11"]
[Board "1"]
[WhiteFideId "24129518"]
[BlackFideId "3507831"]
[WhiteTeam "Montenegro"]
[BlackTeam "Paraguay"]

1. c4 e6 2. Nc3 d5 3. d4 Nf6 4. cxd5 exd5 5. Bg5 Be7 6. e3 c6 7. Bd3 O-O 8.
h3 Re8 9. Qc2 h6 10. Bf4 Bd6 11. Bxd6 Qxd6 12. Nf3 Nbd7 13. O-O Qe7 14. Nd2
Nb6 15. Rab1 Be6 16. Nf3 Ne4 17. Bxe4 dxe4 18. Qxe4 Qf6 19. Qh4 g5 20. Qg3
Kh7 21. Ne5 Nc4 22. Nxc4 Bxc4 23. Rfd1 Rad8 24. b3 Bd5 25. Qc7 Qe7 26. Qxe7
Rxe7 27. Rbc1 f5 28. Nxd5 Rxd5 29. Rc5 Red7 30. Rxd5 Rxd5 31. Kf1 Kg6 32.
Ke2 Kf6 33. f3 Ke6 34. e4 Rd7 35. g4 f4 36. h4 Kf6 37. h5 Ke6 38. Kd3 Kd6
39. Kc4 b6 40. Rd3 Ke6 41. b4 Kd6 42. d5 b5+ 43. Kd4 cxd5 44. e5+ Ke7 45.
Rc3 Kd8 46. Rc6 Rh7 47. Kxd5 1-0

[Event "Olimpiade 2024 - Donne"]
[Site "Budapest"]
[Date "22.09.2024"]
[Round "11.24"]
[White "Vargas, Gabriela"]
[Black "Skvortsova, Alena"]
[Result "1/2-1/2"]
[WhiteElo "2109"]
[BlackElo "2179"]
[ECO "A40"]
[Opening "Modern defence"]
[TimeControl "40/5400+30:1800"]
[EventDate "2024.09.11"]
[Board "2"]
[WhiteFideId "3700860"]
[BlackFideId "24166251"]
[WhiteTeam "Paraguay"]
[BlackTeam "Montenegro"]

1. d4 g6 2. Nf3 Bg7 3. e3 Nf6 4. Be2 O-O 5. O-O d5 6. b4 Ne4 7. c4 a5 8. b5
c5 9. Bb2 dxc4 10. Bxc4 Nd7 11. Nbd2 Nxd2 12. Qxd2 Nb6 13. Be2 Bg4 14. Rac1
cxd4 15. Nxd4 Bxe2 16. Qxe2 Rc8 17. Rxc8 Nxc8 18. Rd1 Qb6 19. a4 Nd6 20.
Rc1 Rc8 21. Rxc8+ Nxc8 22. Qc2 Nd6 23. h3 Qd8 24. Nb3 Bxb2 25. Qxb2 Nc4 26.
Qc3 Qd1+ 27. Kh2 Qd6+ 28. g3 Qb4 29. Qxb4 axb4 30. a5 Nd6 31. a6 bxa6 32.
bxa6 Nc8 33. Kg2 f5 34. Kf3 Kf7 35. Ke2 Ke6 36. Kd3 Kd5 37. f3 Nb6 38. e4+
fxe4+ 39. fxe4+ Kd6 40. a7 Kc7 41. Na5 Na8 42. Kc4 Kb6 43. Kxb4 Nc7 44.
Nc4+ Kxa7 45. Kc5 Kb7 46. Ne3 Kc8 47. Kc6 Kd8 48. h4 Ne6 49. Nc4 Nd4+ 50.
Kd5 Ne2 51. g4 Ke8 52. Ke5 Kf7 53. Nd2 Nc1 54. Nf3 Nd3+ 55. Kd4 Nf2 56. Nh2
Ke6 57. Ke3 Nd1+ 58. Kf4 Kf6 59. Nf3 Nf2 60. e5+ Kg7 61. Nd4 Nd3+ 62. Ke4
Nf2+ 63. Kf3 Nd3 64. Nc6 Kf7 65. Ke4 Nf2+ 66. Kf4 Nd3+ 67. Ke3 Nc5 68. Kd4
Ne6+ 69. Ke4 Nc5+ 70. Kd5 Nd3 71. e6+ Kf8 72. Nd4 Kg7 73. g5 h6 74. Nf3
hxg5 75. hxg5 Nf4+ 76. Ke5 Nh3 77. Ke4 Kf8 78. Kd5 Nf4+ 79. Ke5 Nh3 80. Nh4
Nxg5 81. Nxg6+ Ke8 82. Kf5 Nxe6 83. Kxe6 Kd8 84. Nxe7 1/2-1/2

[Event "Olimpiade 2024 - Donne"]
[Site "Budapest"]
[Date "22.09.2024"]
[Round "11.24"]
[White "Milovic, Aleksandra"]
[Black "Montiel Caceres, Helen"]
[Result "0-1"]
[WhiteElo "2121"]
[BlackElo "1864"]
[ECO "A00"]
[Opening "Dunst (Sleipner, Heinrichsen) opening"]
[TimeControl "40/5400+30:1800"]
[EventDate "2024.09.11"]
[Board "3"]
[WhiteFideId "933988"]
[BlackFideId "3707121"]
[WhiteTeam "Montenegro"]
[BlackTeam "Paraguay"]

1. Nc3 c5 2. Nf3 Nc6 3. d4 cxd4 4. Nxd4 e6 5. g3 d5 6. Bg2 Nf6 7. O-O Bc5
8. Nb3 Be7 9. e4 dxe4 10. Qxd8+ Bxd8 11. Nxe4 Nxe4 12. Bxe4 Bb6 13. a4 a5
14. Bf4 f6 15. Bd6 e5 16. Bc5 Bc7 17. Rfd1 Be6 18. Nc1 Kf7 19. Ne2 f5 20.
Bg2 Rhd8 21. Nc3 Rxd1+ 22. Rxd1 Rd8 23. Rxd8 Bxd8 24. Nb5 Be7 25. Nd6+ Bxd6
26. Bxd6 e4 27. f3 Bd5 28. fxe4 fxe4 29. Bc5 Ke6 30. c3 Ke5 31. Kf2 Bb3 32.
Ke3 Bc2 33. Bf8 g6 34. Bg7+ Kd5 35. Kf4 Nd8 36. Bf6 Ne6+ 37. Ke3 Nc5 38. h4
Nxa4 39. Kd2 Bb3 40. Ke3 Nxb2 41. Bxe4+ Ke6 42. Bd4 Nc4+ 43. Kf4 a4 44. Bc5
b6 45. Bb4 a3 46. Bxa3 Nxa3 47. Kg5 Kf7 48. Kh6 Kg8 49. g4 Nb5 0-1

[Event "Olimpiade 2024 - Donne"]
[Site "Budapest"]
[Date "22.09.2024"]
[Round "11.24"]
[White "Oviedo Acosta, Paula"]
[Black "Koljevic, Nikolina"]
[Result "0-1"]
[WhiteElo "1790"]
[BlackElo "2030"]
[ECO "B69"]
[Opening "Sicilian"]
[Variation "Richter-Rauzer, Rauzer attack, 7...a6 defence, 11.Bxf6"]
[TimeControl "40/5400+30:1800"]
[EventDate "2024.09.11"]
[Board "4"]
[WhiteFideId "3704394"]
[BlackFideId "16503945"]
[WhiteTeam "Paraguay"]
[BlackTeam "Montenegro"]

1. e4 c5 2. Nf3 d6 3. d4 cxd4 4. Nxd4 Nf6 5. Nc3 Nc6 6. Bg5 e6 7. Qd2 a6 8.
O-O-O Bd7 9. f4 Be7 10. Nf3 b5 11. Bxf6 gxf6 12. Kb1 Qb6 13. f5 O-O-O 14.
Bd3 h5 15. h4 Kb8 16. Rh3 Rhg8 17. Ne1 Ne5 18. Bf1 Bc6 19. Nd3 b4 20. Nd5
exd5 21. Nxb4 Nc4 22. Nxc6+ Qxc6 23. Qxd5 Qxd5 24. Rxd5 Rc8 25. b3 Na3+ 26.
Kb2 Nxc2 27. Bxa6 Rxg2 28. Bf1 Rf2 29. Rb5+ Ka7 30. Ra5+ Kb6 31. Rb5+ Kc7
32. Rc3+ Kd8 33. Rxc8+ Kxc8 34. Ra5 Ne3+ 35. Kc3 Nxf1 36. Ra8+ Kd7 37. Ra7+
Ke8 38. a4 Rf3+ 39. Kc4 Nd2+ 40. Kd5 Rd3+ 41. Kc6 Rc3+ 42. Kb7 Rxb3+ 43.
Kc7 Rc3+ 44. Kb8 Nxe4 45. a5 d5 46. a6 Bd6+ 47. Kb7 Rc7+ 48. Ka8 Rxa7+ 49.
Kxa7 Bc5+ 50. Kb7 d4 51. Kc6 d3 52. Kd5 d2 53. Kxe4 d1=Q 54. a7 Qd4+ 0-1

[Event "Olimpiade 2024 - Donne"]
[Site "Budapest"]
[Date "22.09.2024"]
[Round "11.25"]
[White "Librelato, Kathie Goulart"]
[Black "Mendoza, Shania Mae"]
[Result "0-1"]
[WhiteElo "2181"]
[BlackElo "2013"]
[ECO "C70"]
[Opening "Ruy Lopez"]
[Variation "Classical defence deferred"]
[TimeControl "40/5400+30:1800"]
[EventDate "2024.09.11"]
[Board "1"]
[WhiteFideId "2153963"]
[BlackFideId "5211158"]
[WhiteTeam "Brazil"]
[BlackTeam "Philippines"]

1. e4 e5 2. Nf3 Nc6 3. Bb5 a6 4. Ba4 Bc5 5. O-O Nge7 6. Nc3 O-O 7. Nxe5
Nxe5 8. d4 Bxd4 9. Qxd4 d6 10. f4 N5c6 11. Qd1 f5 12. Bb3+ Kh8 13. a3 Qe8
14. Qd3 Qg6 15. Bd5 fxe4 16. Bxe4 Bf5 17. Bd2 Rad8 18. Rae1 d5 19. Bxf5
Qxf5 20. Qxf5 Nxf5 21. g4 Nfd4 22. f5 Nxc2 23. Rc1 N2d4 24. Bf4 Rd7 25.
Rcd1 Rfd8 26. Bg5 Rf8 27. f6 Kg8 28. Be3 Ne6 29. Rxd5 Rxd5 30. Nxd5 Rd8 31.
Nxc7 Nxc7 32. Bb6 Rd7 33. f7+ Kf8 34. Bc5+ Ne7 35. a4 Ne6 36. Be3 Nd5 0-1

[Event "Olimpiade 2024 - Donne"]
[Site "Budapest"]
[Date "22.09.2024"]
[Round "11.25"]
[White "Frayna, Janelle Mae"]
[Black "Alboredo, Julia"]
[Result "1-0"]
[WhiteElo "2216"]
[BlackElo "2127"]
[ECO "B30"]
[Opening "Sicilian"]
[Variation "Nimzovich-Rossolimo attack (without ...d6)"]
[TimeControl "40/5400+30:1800"]
[EventDate "2024.09.11"]
[Board "2"]
[WhiteFideId "5212499"]
[BlackFideId "2124807"]
[WhiteTeam "Philippines"]
[BlackTeam "Brazil"]

1. e4 c5 2. Nf3 Nc6 3. Bb5 Nf6 4. Nc3 Qc7 5. O-O Nd4 6. Bc4 e6 7. d3 a6 8.
a4 Ng4 9. g3 Nxf3+ 10. Qxf3 Ne5 11. Qe2 d6 12. f4 Nc6 13. f5 Be7 14. fxe6
fxe6 15. Qg4 Bf6 16. Bxe6 Nb4 17. e5 dxe5 18. Ne4 Nxc2 19. Rxf6 gxf6 20.
Nxf6+ Kd8 21. Nd5 Bxe6 22. Qxe6 Qg7 23. Bh6 Re8 24. Qd6+ 1-0

[Event "Olimpiade 2024 - Donne"]
[Site "Budapest"]
[Date "22.09.2024"]
[Round "11.25"]
[White "Tamarozi, Isabelle"]
[Black "Fronda, Jan Jodilyn"]
[Result "0-1"]
[WhiteElo "2059"]
[BlackElo "2165"]
[ECO "B14"]
[Opening "Caro-Kann"]
[Variation "Panov-Botvinnik attack, 5...g6"]
[TimeControl "40/5400+30:1800"]
[EventDate "2024.09.11"]
[Board "3"]
[WhiteFideId "2132400"]
[BlackFideId "5204585"]
[WhiteTeam "Brazil"]
[BlackTeam "Philippines"]

1. e4 c6 2. d4 d5 3. exd5 cxd5 4. c4 Nf6 5. Nc3 g6 6. Qb3 Bg7 7. cxd5 O-O
8. Be2 Na6 9. Bf3 Qb6 10. Qxb6 axb6 11. a3 Nb4 12. Bd1 Bf5 13. f3 Rfd8 14.
g4 Bc2 15. Nge2 Bxd1 16. Kxd1 Nfxd5 17. Bd2 e5 18. Rb1 exd4 19. Nb5 Ne3+
20. Ke1 Nd3# 0-1